 Dungeon Crawl Stone Soup version 0.29.1-15-g9cfb28693d (webtiles) character file.

Game seed: 1766947423775831307

102 Alturiack the Stinger (level 4, 0/21 HPs)
             Began as a Spriggan Venom Mage on Apr 11, 2023.
             Succumbed to Robin's poison
             ... on level 2 of the Dungeon.
             The game lasted 00:06:11 (2122 turns).

Alturiack the Stinger (Spriggan Venom Mage)         Turns: 2122, Time: 00:06:11

Health: 0/21       AC:  2    Str:  4    XL:     4   Next: 49%
Magic:  1/10       EV: 18    Int: 16    God:
Gold:   69         SH:  0    Dex: 17    Spells: 7/10 levels left

rFire   . . .      SeeInvis +   (weapon restricted)
rCold   . . .      Faith    .   (no shield)
rNeg    . . .      Spirit   .   a - +0 robe
rPois   .          Reflect  .   (helmet restricted)
rElec   .          Harm     .   (no cloak)
rCorr   .          Rampage  .   (gloves unavailable)
Will    .....                   (boots unavailable)
Stlth   ++........              (no amulet)
HPRegen 0.07/turn               (no ring)
MPRegen 0.12/turn               (no ring)

@: lethally poisoned (0 -> -5), very quick
A: very small, no large weapons, unfitting armour, see invisible, speed 3
a: no special abilities


You were on level 2 of the Dungeon.
You visited 1 branch of the dungeon, and saw 2 of its levels.

You collected 69 gold pieces.

Inventory:

Armour
 a - a +0 robe (worn)
Scrolls
 c - 2 scrolls of poison {unknown}
 g - 2 scrolls of vulnerability {unknown}
 h - 2 scrolls of identify {unknown}
 k - 3 scrolls of butterflies {unknown}
Potions
 b - 2 potions of magic
 d - 2 potions of curing {unknown}
 e - a potion of cancellation {unknown}
 f - a potion of resistance {unknown}
 i - a potion of degeneration {unknown}
 j - 2 potions of flight {unknown}
 l - a potion of brilliance {unknown}


   Skills:
 + Level 3.9 Dodging
 - Level 3.0 Stealth
 + Level 3.7 Spellcasting
 - Level 1.3 Transmutations
 * Level 4.3 Poison Magic


You had 7 spell levels left.
You knew the following spells:

 Your Spells              Type           Power      Damage    Failure   Level
a - Sting                 Tmut/Pois      48%        1d5       5%          1
b - Poisonous Vapours     Pois/Air       18%        N/A       11%         2

Your spell library contained the following spells:

 Spells                   Type           Power      Damage    Failure   Level
 Apportation              Tloc           6%         N/A       17%         1
 Necrotise                Necr           12%        1d4       17%         1
 Summon Small Mammal      Summ           12%        N/A       17%         1
 Mephitic Cloud           Conj/Pois/Air  7%         N/A       28%         3
 Olgreb's Toxic Radiance  Pois           16%        N/A       28%         4


Dungeon Overview and Level Annotations

Branches:
Dungeon (2/15)

Altars:
Uskayaw

Shops:
D:2 :

Annotations:
D:2 1 runed translucent door, Crazy Yiuf, Robin


Innate Abilities, Weirdness & Mutations

You are very small and have problems with some larger weapons.
You are too small for most types of armour.
You have supernaturally acute eyesight. (SInv)
You cover ground extremely quickly. (Speed+++)


Message History

Aiming: Sting (safe; 5% risk of failure)
Press: ? - help, Shift-Dir - straight line, f - goblin
Aim: a goblin, wielding a +0 club (strong, 64% to hit)
The sting hits the goblin.
The goblin is poisoned.
The goblin is severely wounded.
You kill the goblin!
Robin roars a battlecry!
You hear a shout!
A giant cockroach comes into view.
Casting: Sting (safe; 5% risk of failure)
Confirm with . or Enter, or press ? or * to list all spells.
Aiming: Sting (safe; 5% risk of failure)
Press: ? - help, Shift-Dir - straight line, f - Robin
Aim: Robin, wielding a +0 trident of venom, wearing a +0 animal skin and wearing a +1 helmet (79% to hit)
The sting hits Robin but does no damage.
Robin is poisoned.
Robin hits you from afar with a +0 trident of venom!
You are lethally poisoned!
Casting: Sting (safe; 5% risk of failure)
Confirm with . or Enter, or press ? or * to list all spells.
Aiming: Sting (safe; 5% risk of failure)
Press: ? - help, Shift-Dir - straight line, f/p - Robin
Aim: Robin, wielding a +0 trident of venom, wearing a +0 animal skin and wearing a +1 helmet (moderately wounded, poisoned, 79% to hit)
The sting hits Robin.
Robin looks even sicker.
Robin is moderately wounded.
You feel very sick. Robin barely misses you.
You feel sick.
* * * LOW HITPOINT WARNING * * *
You feel sick.
* * * LOW HITPOINT WARNING * * *
You feel sick.
* * * LOW HITPOINT WARNING * * *
You feel sick.
A hobgoblin comes into view.
* * * LOW HITPOINT WARNING * * *
You feel sick.
* * * LOW HITPOINT WARNING * * *
You feel sick.
You die...

.......###### #.....†....#
............# #....#.....####..
............### #................
..............# #..#.∩.#....#....
######......#.# #...........#....
#......#.# #....#...........
#......#.# ##.........<..#..
###########.#.####.#####..#.#.#..
#....>..........@.B###......###..
#.###..####.#.####..#####........
........# #.#....#..g....#..#....
#.####..# #.#....+....÷..#..#.#..
#.......###.#....##..##.....#.#..
##..........#...............#.###
.+...........####.##.###...##....
##.......†.......................
..................###.g#...##.#..


You could see Robin (very poisoned) and a giant cockroach.

Vanquished Creatures
  Jessica (D:2)
  2 adders (D:2)
  A worm (D:2)
  4 dart slugs
  2 ball pythons
  6 endoplasms
  2 giant cockroaches
  10 goblins
  7 hobgoblins
  2 jackals (D:1)
  2 kobolds (D:1)
  2 rats
41 creatures vanquished.

Vanquished Creatures (others)
  A withered plant (D:1)
1 creature vanquished.

Grand Total: 42 creatures vanquished

Notes
Turn   | Place    | Note
-------+----------+-------------------------------------------
     0 | D:1      | Alturiack the Spriggan Venom Mage began the quest for the
                  | Orb.
     0 | D:1      | Reached XP level 1. HP: 9/9 MP: 5/5
    93 | D:1      | Reached XP level 2. HP: 8/13 MP: 2/6
   345 | D:1      | Found a faded altar of an unknown god.
  1251 | D:2      | Reached XP level 3. HP: 16/16 MP: 3/8
  1456 | D:2      | Found Riunep's Book Shop.
  1639 | D:2      | Noticed Jessica
  1643 | D:2      | Learned a level 2 spell: Poisonous Vapours
  1653 | D:2      | Killed Jessica
  1654 | D:2      | Reached skill level 4 in Poison Magic
  1654 | D:2      | Reached XP level 4. HP: 21/21 MP: 0/10
  1790 | D:2      | Found a hide-covered altar of Uskayaw.
  1895 | D:2      | Found a runed translucent door.
  1896 | D:2      | Noticed Crazy Yiuf
  2031 | D:2      | Noticed Robin
  2121 | D:2      | HP: 1/21 [poisoned by Robin]
  2122 | D:2      | Succumbed to Robin's poison

Illustrated notes

Levels and vault maps discovered:
D:1:      minmay_arrival_loop, layout_basic, ebering_ecumenical_altar_petrified,
          st_stairs_3
D:2:      layout_basic, basic_altar, serial_shops, nicolae_shop_stone,
          uniq_crazy_yiuf_cottage, uniq_robin, uniq_jessica

Skill      XL: |  1  2  3 |
---------------+----------+-----
Dodging        | 3 |  3.9
Spellcasting   | 3 |  3.7
Poison Magic   | 4 |  4.3
Stealth        | |  3.0
Transmutations | |  1.3

Action                   |  1- 3 |  4- 6 || total
-------------------------+-------+-------++-------
Melee: Unarmed           |     3 |       ||     3
 Cast: Sting             |    46 |    29 ||    75
       Poisonous Vapours |     3 |     2 ||     5
Armor: Robe              |     3 |     1 ||     4
Dodge: Dodged            |    18 |     7 ||    25
